 Dungeon Crawl Stone Soup version 0.19-a0-1827-g174f941 (webtiles) character file.

16 Amnesiac the Magician (level 2, -4/19 HPs)
             Began as a Mummy Wizard on Oct 7, 2016.
             Slain by an adder (5 damage)
             ... on level 2 of the Dungeon.
             The game lasted 00:01:12 (670 turns).

Amnesiac the Magician (Mummy Wizard)                 Turns: 670, Time: 00:01:12

Health: -4/19      AC:  2    Str: 10    XL:     2   Next: 37%
Magic:  0/6        EV: 12    Int: 17    God:
Gold:   18         SH:  0    Dex: 10    Spells: 2 memorised, 5 levels left

rFire  x . .     SeeInvis .     g - +0 mace
rCold  + . .     Gourm    .     a - +0 robe
rNeg   + + +     Faith    .     (no shield)
rPois  ∞         Spirit   .     b - +0 hat
rElec  .         Dismiss  .     (no cloak)
rCorr  .         Reflect  .     (no gloves)
MR     .....     Harm     .     (no boots)
Stlth  ++........               (no amulet)
                                (no ring)
                                (no ring)

@: no status effects
A: no food or potions, fire vulnerability, cold resistance 1, negative energy
resistance 3, torment resistance, unbreathing
a: no special abilities


You were on level 2 of the Dungeon.
You were not hungry.

You visited 1 branch of the dungeon, and saw 2 of its levels.

You collected 18 gold pieces.

Inventory:

Hand Weapons
 g - a +0 mace (weapon)
Armour
 a - a +0 robe (worn)
 b - a +0 hat (worn)
 e - a +0 buckler
Scrolls
 d - a scroll of identify {unknown}
 f - a scroll of teleportation {unknown}
Books
 c - a book of Minor Magic

   Spells                             Type                      Level
   a - Magic Dart                     Conjuration                  1
   b - Blink                          Translocation                2
   c - Call Imp                       Summoning                    2
   d - Repel Missiles                 Charms/Air                   2
   e - Slow                           Hexes                        2
   f - Conjure Flame                  Conjuration/Fire             3
   g - Mephitic Cloud                 Conjuration/Poison/Air       3


   Skills:
 - Level 1.5 Dodging
 - Level 1.5 Stealth
 + Level 3.5 Spellcasting
 - Level 1.1 Conjurations
 - Level 0.7 Summonings
   Level 0.7 Translocations


You had 5 spell levels left.
You knew the following spells:

 Your Spells              Type           Power        Failure   Level  Hunger
d - Call Imp              Summ           #.......     21%         2    N/A
f - Magic Dart            Conj           #...         12%         1    N/A

Dungeon Overview and Level Annotations

Branches:
Dungeon (2/15)

Altars:


Innate Abilities, Weirdness & Mutations

You do not eat or drink.
Your flesh is vulnerable to fire.
You are immune to poison.
Your flesh is cold resistant. (rC+)
You are immune to negative energy. (rN+++)
You are immune to unholy pain and torment.
You can survive without breathing.


Message History

The adder bites you.
* * * LOW HITPOINT WARNING * * *
The bat misses you.
You see here a black potion.
You barely miss the bat. The bat hits you.
* * * LOW HITPOINT WARNING * * *
The bat closely misses you. The adder bites you but does no damage.
The adder barely misses you. The bat closely misses you.
The bat hits you but does no damage.
Found 13 poisoned needles.
The bat hits you but does no damage. The bat barely misses you.
The bat hits you but does no damage.
Casting: Call Imp
Confirm with . or Enter, or press ? or * to list all spells.
A beastly little devil appears in a puff of flame.
The bat barely misses you. The adder bites you.
You die...

#...... ##
###.###..## ###.....#
####...# #...#
#....... #.....##
#.#.# .......#
#.#.#.# #.#.##
.......# ###...#.#
#.#..# ..##..#
##....#..# ..##.#
..##..# #..##.#.## ..
#(# ..##..# #.##..#5#
#.. #.# ..##..#
#.#..##@# . #.#
..#...# #.#.###S# .#
#....# .<#.#.#
#.#.###K#..# #....#
......####.#.#..b..#
#....#
###...##...#!#...###
..)..#
#......<........##
.#....#
..##.................
.#....# .#
#..)............###
#....# #
#............##...


You could see an adder, a bat, a kobold and a friendly crimson imp.

Vanquished Creatures
  2 leopard geckos
  A bat (D:1)
  A giant cockroach (D:1)
  2 goblins
  2 hobgoblins (D:2)
  A frilled lizard (D:2)
  3 kobolds
  A rat (D:1)
13 creatures vanquished.

Notes
Turn   | Place    | Note
-------+----------+-------------------------------------------
     0 | D:1      | Amnesiac the Mummy Wizard began the quest for the Orb.
     0 | D:1      | Reached XP level 1. HP: 13/13 MP: 4/4
    17 | D:1      | Reached skill level 1 in Conjurations
   329 | D:1      | Reached XP level 2. HP: 19/19 MP: 3/6
   333 | D:1      | Learned a level 2 spell: Call Imp
   670 | D:2      | Slain by an adder

Vault maps used:
D:1:      ncdulo_watergridlock
D:2:      ecumenical_altar_1, minmay_tall_x

Skill      XL: |  1 |
---------------+----+-----
Conjurations   | 1 |  1.1
Dodging        | |  1.5
Stealth        | |  1.5
Spellcasting   | |  3.5
Summonings     | |  0.7
Translocations | |  0.7

Action                   || total
-------------------------++-------
Melee: Unarmed           ||    12
       Mace              ||     2
 Cast: Magic Dart        ||    32
       Call Imp          ||     2
Armor: Robe              ||     7
Dodge: Dodged            ||    31
